AoeStats
← 居合

Arena

507289261Analyzed
4v4 RM · 14d ago on Sep 17, 2026· 50m 41s· 8 players
Game mode
Random Map
Map size
Large (8 player)
Population
200
Speed
Normal
Resources
Standard
Victory
Conquest
Starting age
Dark Age
Ending age
Imperial Age
RankedLock teamsTeams togetherTeam positionsShared explorationLock speedFull tech treeHidden civsTurbo modeCheats
Victory
Defeat
919
+14
🇨🇳 Jurchens · China
903
+15
🇨🇳 Japanese · China
866
+37
🇨🇳 Persians · China
838
+16
🇮🇩 Portuguese · Indonesia
891
-16
🇮🇳 Huns · India
868
-41
🇮🇳 Vietnamese · India
868
-41
🇨🇳 Portuguese · China
857
-15
ankitsahoo7815
4:43 Loom
12:15 Feudal Age
12:41 Double-Bit Axe
12:46 Horse Collar
14:00 Wheelbarrow
18:22 Gold Mining
17:57 Man-at-Arms
20:34 Bloodlines
22:35 Castle Age
23:10 Crossbowman
23:12 Long Swordsman
24:31 Hand Cart
24:33 Pikeman
26:38 Squires
26:43 Town Watch
26:28 Elite Skirmisher
27:35 Bloodlines
27:59 Stone Mining
28:49 Gold Shaft Mining
29:39 Thumb Ring
29:48 Heavy Plow
33:40 Forging
33:32 Scale Mail Armor
34:22 Caravan
39:15 Imperial Age
38:10 Iron Casting
39:36 Elite Tarkan
40:51 Scale Barding Armor
ayon
0:33 Loom
12:01 Feudal Age
13:19 Double-Bit Axe
20:54 Castle Age
20:34 Gold Mining
26:00 Imperial Age
24:59 Wheelbarrow
24:10 Town Watch
25:55 Stone Mining
27:49 Pikeman
31:08 Heated Shot
33:13 Husbandry
32:33 Cavalier
34:20 Arquebus
36:15 Stone Shaft Mining
35:53 Elite Organ Gun
37:11 Ballistics
38:02 Chemistry
38:09 Scale Barding Armor
38:05 Scale Mail Armor
38:16 Forging
41:37 Siege Engineers
41:29 Murder Holes
41:45 Masonry
41:59 Chain Barding Armor
41:55 Chain Mail Armor
45:15 Architecture
FullestOx956066
17:15 Feudal Age
17:30 Man-at-Arms
18:05 Gold Mining
17:57 Horse Collar
18:05 Double-Bit Axe
19:58 Wheelbarrow
28:18 Castle Age
37:04 Husbandry
居合
8:17 Loom
10:35 Feudal Age
12:04 Double-Bit Axe
14:07 Horse Collar
19:11 Castle Age
17:37 Gold Mining
20:07 Heavy Plow
20:19 Bow Saw
20:04 Stone Mining
27:09 Imperial Age
25:27 Ballistics
27:15 Scale Mail Armor
27:26 Forging
26:38 Pikeman
27:05 Arson
28:03 Gambesons
27:58 Halberdier
29:27 Stone Shaft Mining
30:54 Chain Mail Armor
31:14 Iron Casting
31:53 Chemistry
33:44 Wheelbarrow
33:40 Caravan
35:38 Hand Cart
35:09 Elite Organ Gun
36:11 Conscription
36:32 Arquebus
38:23 Plate Mail Armor
38:54 Blast Furnace
40:55 Padded Archer Armor
40:45 Fletching
YuangXue
11:04 Feudal Age
12:34 Double-Bit Axe
15:23 Castle Age
16:39 Bow Saw
16:11 Horse Collar
22:07 Gold Mining
22:08 Stone Mining
23:40 Squires
24:20 Scale Mail Armor
25:49 Wheelbarrow
27:13 Hand Cart
30:20 Imperial Age
29:34 Gambesons
29:36 Arson
30:02 Forging
30:08 Chain Mail Armor
30:43 Siege Engineers
30:19 Treadmill Crane
31:02 Ballistics
30:54 Masonry
32:12 Conscription
32:25 Elite Fire Lancer
33:07 Heavy Rocket Cart
36:47 Chemistry
35:33 Arrowslits
38:28 Thunderclap Bombs
41:48 Guard Tower
42:28 Architecture
42:09 Fortified Wall
41:54 Murder Holes
41:51 Fletching
42:37 Iron Casting
43:51 Keep
44:26 Caravan
45:06 Bodkin Arrow
46:12 Blast Furnace
46:50 Hoardings
50:18 Gold Shaft Mining
Youduo
11:49 Feudal Age
12:47 Double-Bit Axe
12:43 Horse Collar
16:03 Gold Mining
19:18 Castle Age
18:04 Stone Mining
20:45 Bow Saw
20:38 Heavy Plow
21:19 Wheelbarrow
21:28 Gold Shaft Mining
21:03 Fletching
22:01 Squires
22:28 Man-at-Arms
22:56 Gambesons
23:35 Forging
24:04 Hand Cart
28:34 Man-at-Arms
29:22 Gambesons
29:41 Scale Mail Armor
30:16 Iron Casting
29:37 Long Swordsman
30:32 Treadmill Crane
31:02 Masonry
32:54 Ballistics
36:05 Arson
39:29 Imperial Age
37:02 Bodkin Arrow
37:07 Murder Holes
37:24 Fortified Wall
38:31 Caravan
39:52 Two-Handed Swordsman
42:40 Two-Man Saw
42:53 Blast Furnace
41:53 Bracer
43:27 Kataparuto
43:28 Conscription
44:16 Chain Mail Armor
44:07 Siege Engineers
45:16 Chemistry
44:17 Herbal Medicine
44:36 Elite Samurai
46:40 Hoardings
46:49 Champion
50:19 Loom
51:17 Coinage
51:25 Plate Mail Armor
伐伐伐伐木工
9:58 Loom
13:00 Feudal Age
13:28 Double-Bit Axe
18:30 Castle Age
18:48 Gold Mining
22:03 Bow Saw
22:08 Stone Mining
22:02 Horse Collar
25:50 Stone Shaft Mining
26:56 Gold Shaft Mining
27:29 Wheelbarrow
30:09 Hand Cart
33:15 Caravan
33:28 Husbandry
34:31 Heavy Plow
34:42 Kamandaran
38:49 Imperial Age
41:03 Pikeman
41:44 Squires
42:05 Forging
41:55 Scale Mail Armor
42:01 Scale Barding Armor
41:57 Padded Archer Armor
41:48 Fletching
43:17 Elite War Elephant
44:00 Crossbowman
44:45 Thumb Ring
46:18 Hoardings
46:22 Man-at-Arms
46:22 Halberdier
50:34 Chemistry
49:55 Ballistics
49:45 Masonry
48:59 Cavalier
49:02 Light Cavalry
49:52 Bloodlines
49:30 Long Swordsman
49:56 Gambesons
51:02 Citadels
打爆你的金针菇
11:30 Feudal Age
10:09 Double-Bit Axe
13:35 Bow Saw
17:46 Castle Age
16:42 Horse Collar
17:42 Gold Mining
18:41 Forging
19:03 Stone Mining
22:06 Two-Man Saw
22:46 Wheelbarrow
22:51 Heavy Plow
24:11 Crop Rotation
26:13 Gold Shaft Mining
26:16 Hand Cart
25:50 Loom
32:27 Imperial Age
29:50 Treadmill Crane
32:08 Iron Casting
31:39 Scale Barding Armor
32:24 Cavalier
33:09 Husbandry
33:53 Paladin
36:58 Blast Furnace
36:19 Chain Barding Armor
36:01 Scale Mail Armor
37:00 Stone Shaft Mining
37:41 Burgundian Vineyards
39:09 Chemistry
39:51 Plate Barding Armor
39:35 Chain Mail Armor
42:43 Fletching
43:25 Plate Mail Armor
48:18 Conscription
Connection lost

Rejoining the realm…

Still unreachable

The connection could not be restored.

Session expired

The server has moved on; the page needs a fresh start.